 Dungeon Crawl Stone Soup version 0.32-a0-799-g95e1662365 (webtiles) character file.

Game seed: 12677223181894892381

107 warriortoast the Ruffian (level 4, 0/30 HPs)
             Began as an Octopode Shapeshifter on Mar 21, 2024.
             Slain by a gnoll
             ... wielding a +0 halberd
              (7 damage)
             ... on level 2 of the Dungeon.
             The game lasted 00:02:30 (1465 turns).

warriortoast the Ruffian (Octopode Shapeshifter)    Turns: 1465, Time: 00:02:30

Health: 0/30       AC:  1    Str: 15    XL:     4   Next: 86%
Magic:  4/4        EV: 12    Int: 12    God:
Gold:   115        SH:  0    Dex: 11    Spells: 3/3 levels left

rFire   . .          .
                       - Unarmed
rCold   . . .        (no shield)
rNeg    . . .        (helmet currently unavailable)
rPois   .            (no amulet)
rElec   .            (no ring)
rCorr   .            (no ring)
SInv    .            (no ring)
Will    .....        (no ring)
Stlth   ++           (no ring)
HPRegen 0.25/turn    (no ring)
MPRegen 0.09/turn    (no ring)
                     (no ring)

%: no passive effects
@: lethally poisoned (0 -> -1), beast-form
A: beast (slay +2), almost no armour, amphibious, 8 rings, camouflage 1,
gelatinous body 1, (nimble swimmer 1), tentacles
a: Begin Untransformation


You were on level 2 of the Dungeon.
You were a hulking beast.
You visited 1 branch of the dungeon, and saw 2 of its levels.

You collected 115 gold pieces.

Inventory:

Talismans
 b - a beast talisman (active)
 c - a flux talisman
Scrolls
 e - 2 scrolls of amnesia {unknown}
 g - 6 scrolls of identify {unknown}
 h - a scroll of brand weapon {unknown}
 i - 2 scrolls of enchant armour {unknown}
 k - a scroll of fog {unknown}
Potions
 a - a potion of lignification
 d - a potion of invisibility {unknown}
 f - a potion of enlightenment {unknown}
 j - a potion of might {unknown}
 l - a potion of brilliance {unknown}


   Skills:
 + Level 2.6 Fighting
 - Level 2.0 Dodging
 + Level 3.9 Unarmed Combat
 + Level 3.8 Shapeshifting


You had 3 spell levels left.
You didn't know any spells.
Your spell library contained the following spells:

 Spells                   Type           Power      Damage    Failure   Level
 Freeze                   Ice            0%         1d3       32%         1
 Dazzling Flash           Conj/Hex       0%         N/A       69%         3
 Frozen Ramparts          Ice            0%         1d1       69%         3
 Hailstorm                Conj/Ice       0%         3d5       69%         3
 Starburst                Conj/Fire      0%         6d3       100%        6
 Maxwell's Capacitive Co  Air            0%         ∞         100%        8


Dungeon Overview and Level Annotations

Branches:
Dungeon (2/15)

Altars:


Innate Abilities, Weirdness & Mutations

You are a hulking beast.
Your limbs bulge with bestial killing power. (Slay +2)
You cannot wear most types of armour.
You are amphibious.
You can wear up to eight rings at the same time.
Your skin changes colour to match your surroundings (Stealth+).
Your rubbery body absorbs attacks. (AC +1, EV +1)
((You are camouflaged when in or above water. (Stealth+)))
You have tentacles for arms and can constrict up to eight enemies at once.


Message History

The kobold hits you with a +0 short sword.
* * * LOW HITPOINT WARNING * * *
You climb upwards.
There is a stone staircase leading down here.
You closely miss the kobold. You grab the kobold. You squeeze the kobold.
You kill the kobold!
You start resting.
HP restored.
You start waiting.
Done waiting.
You see here a jackal skeleton.
There is a stone staircase leading down here.
You climb downwards.
There is a stone staircase leading up here.
A gnoll is nearby!
Found 13 gold pieces.
The gnoll throws a poisoned dart.
The poisoned dart misses you.
The gnoll throws a poisoned dart.
The poisoned dart hits you!
You are poisoned.
You feel sick.
You closely miss the gnoll. You grab the gnoll. You constrict the gnoll.
You feel sick.
You tentacle-slap the gnoll.
The gnoll is severely wounded.
You constrict the gnoll.
You kill the gnoll!
You feel sick.
You feel sick.
The gnoll hits you from afar with a +0 halberd!!
Ouch! That really hurt!
* * * LOW HITPOINT WARNING * * *
Things that are here:
a +0 flail; 3 poisoned darts; a gnoll corpse You are too injured to fight recklessly!
You are too injured to fight recklessly!
Unknown command.
You feel sick. The gnoll barely misses you.
You completely miss the gnoll. You grab the gnoll. You constrict the gnoll.
You feel sick. The gnoll hits you with a +0 halberd!
You die...

...÷♣.PP.##.#..#####'####'##
#P.P.♣P...#.#..##....).....# ##
.♣P.♣♣.♣.P..#...#..........#..# #
P♣.♣♣♣♣♣♣...#...'..##..#####.##..
....♣♣..PP..############.........
..P.P♣♣..............<)g......#
##..PP...####......###......#..
#...♣........##g####....##.....#
##.#...#..÷.....h#.......# ##..b
#..####.......÷)...#.....# .
........[............#####
.######.................. .#
#.<............♣♣♣####
.###.#..##............#
#....#.#..........♣♣♣..
...........####..## ...........#
#..#


You could see a gnoll.

Vanquished Creatures
  3 gnolls (D:2)
  3 adders (D:2)
  A dart slug (D:2)
  3 bats (D:2)
  4 endoplasms
  3 giant cockroaches
  2 goblins
  4 hobgoblins
  7 jackals
  3 kobolds
  3 quokkas
  A ball python (D:2)
  A frilled lizard (D:2)
  8 rats
46 creatures vanquished.

Notes
Turn   | Place    | Note
-------+----------+-------------------------------------------
     0 | D:1      | warriortoast the Octopode Shapeshifter began the quest for
                  | the Orb.
     0 | D:1      | Reached XP level 1. HP: 13/13 MP: 1/1
   313 | D:1      | Reached XP level 2. HP: 10/18 MP: 2/2
   625 | D:2      | Reached XP level 3. HP: 20/24 MP: 3/3
   978 | D:2      | Reached XP level 4. HP: 24/29 MP: 4/4
  1465 | D:2      | Slain by a gnoll

Illustrated notes

Levels and vault maps discovered:
D:1:      dpeg_arrival_rhombus, layout_loops_cross
D:2:      minmay_chambers_of_twos, layout_rooms, serial_forest,
          infiniplex_forest_corner_2, infiniplex_forest_clump_long,
          infiniplex_forest_clump_cross, infiniplex_forest_straight_1,
          infiniplex_forest_clump_long, infiniplex_forest_straight_2

Skill      XL: |  1  2  3 |
---------------+----------+-----
Fighting       | 2 |  2.6
Dodging        | |  2.0
Unarmed Combat | |  3.9
Shapeshifting  | |  3.8

Action                     |  1- 3 |  4- 6 || total
---------------------------+-------+-------++-------
  Melee: Unarmed           |    54 |    19 ||    73
         Constrict         |    17 |     9 ||    26
         Tentacles         |     9 |     4 ||    13
         Punch             |     1 |     1 ||     2
   Stab: Sleeping          |     5 |     1 ||     6
 Armour: Skin              |    22 |     9 ||    31
  Dodge: Dodged            |    30 |    13 ||    43

Table legend: (Time is in decaauts)
 A = Elapsed time spent in this place.
 B = Non-inter-level travel time spent in this place.
 C = Inter-level travel time spent in this place.
 D = Time resting spent in this place.
 E = Time spent auto-exploring this place.
 F = Levels seen in this place.
 G = Mean time per level.
                   A        B        C        D        E       F      G
               +--------+--------+--------+--------+--------+-----+--------+
         Total |   1460 |   1446 |     14 |    282 |    967 |   2 |  730.0 |
       Dungeon |   1460 |   1446 |     14 |    282 |    967 |   2 |  730.0 |
               +--------+--------+--------+--------+--------+-----+--------+

Top non-repeatable levels by time:
     D:1: 825 daAuts
     D:2: 635 daAuts
